 Dungeon Crawl Stone Soup version bcrawl-1.27.6 (webtiles) character file.

Game seed: 9012771210255193514

263943 DogServant the Basher (level 10, -13/83 HPs)
             Began as a Sand Dwarf Skald on Oct 13, 2020.
             Was a Priest of Okawaru.
             Engulfed by a fire crab (shapeshifter)'s flame (18 damage)
             ... on level 8 of the Dungeon.
             The game lasted 00:14:54 (7667 turns).

DogServant the Basher (Sand Dwarf Skald)            Turns: 7667, Time: 00:14:54

Health: -13/83     AC: 12    Str: 19    XL:     10   Next: 0%
Magic:  11/13      EV: 11    Int: 12    God:    Okawaru [***...]
Gold:   329        SH:  4    Dex: 10    Spells: 5/13 levels left

rFire    . . .     SeeInvis .   A - +0 morningstar
rCold    . . .     Gourm    .   (shield currently unavailable)
rNeg     . . .     Faith    .   x - +0 plate armour
rPois    .         Spirit   .   q - +1 helmet
rElec    .         Reflect  .   (no cloak)
rCorr    +         Harm     .   o - +0 pair of gloves
MR       +....                  v - +0 pair of boots
Stlth    ..........             m - amulet of regeneration
HPRegen  0.56/turn              w - ring of resist corrosion
MPRegen  0.13/turn              (no ring)

@: about to teleport, infused, slow
A: small, large bone plates 1, deformed body, dopey 1, slowness 1, sturdy frame
1, armour attunement
a: Heroism, Renounce Religion


You were on level 8 of the Dungeon.
You worshipped Okawaru.
Okawaru was most pleased with you.
You were not hungry.

You visited 2 branches of the dungeon, and saw 9 of its levels.

You collected 329 gold pieces.

Inventory:

Hand Weapons
 A - a +0 morningstar (weapon)
Missiles
 l - 986 sling bullets
 u - 243 poisoned tomahawks (quivered)
 y - 55 curare-tipped needles
Armour
 o - a +0 pair of gloves (worn)
 q - a +1 helmet (worn)
 t - a +0 ring mail of poison resistance
 v - a +0 pair of boots (worn)
 x - a +0 plate armour (worn)
 B - a +0 large shield
Jewellery
 m - an amulet of regeneration (around neck)
 w - a ring of resist corrosion (left hand)
Wands
 f - a wand of disintegration (11)
Scrolls
 c - 2 scrolls of blinking
 d - 2 scrolls of fear
 g - 5 scrolls of remove curse
 h - 2 scrolls of enchant weapon
 i - a scroll of teleportation
 n - 3 scrolls of identify
 s - a scroll of amnesia
 C - a scroll of magic mapping
Potions
 a - 2 potions of magic {unknown}
 j - 2 potions of degeneration {unknown}
 k - a potion of ambrosia
 p - a potion of curing {unknown}
 r - a potion of brilliance {unknown}
 z - a potion of flight {unknown}
Comestibles
 b - a chunk of flesh
 e - 6 rations {!d}


   Skills:
 - Level 6.1 Fighting
 + Level 9.6 Maces & Flails
 + Level 6.4 Armour
 + Level 4.7 Dodging
 - Level 2.0 Spellcasting
 + Level 3.8 Hexes
 - Level 5.6 Charms
 + Level 5.0 Fire Magic


You had 5 spell levels left.
You knew the following spells:

 Your Spells              Type           Power        Failure   Level  Hunger
a - Infusion              Chrm           ##......     2%          1    None
b - Song of Slaying       Chrm           ##......     4%          2    ##.....
c - Spectral Weapon       Hex/Chrm       ##......     12%         3    ####...
d - Flaming Arrows        Chrm/Fire      ##......     4%          2    ##.....

Your spell library contained the following spells:

 Spells                   Type           Power        Failure   Level  Hunger
 Flame Tongue             Conj/Fire      #....        10%         1    None
 Swiftness                Chrm/Air       #.......     13%         2    ##.....
 Inner Flame              Hex/Fire       N/A          13%         3    ####...
 Magic Dart               Conj           #...         26%         1    None
 Shock                    Conj/Air       #....        26%         1    None
 Summon Small Mammal      Summ           #...         26%         1    None
 Ozocubu's Armour         Chrm/Ice       #.......     26%         3    ####...
 Regeneration             Chrm/Necr      #.........   26%         3    ####...
 Conjure Flame            Conj/Fire      #.......     28%         3    ####...
 Blink                    Tloc           N/A          38%         2    ##.....
 Call Imp                 Summ           #.....       38%         2    ##.....
 Call Canine Familiar     Summ           #.......     63%         3    ####...
 Mephitic Cloud           Conj/Pois/Air  #.......     63%         3    ####...
 Spider Form              Tmut/Pois      #..          63%         3    ####...
 Static Discharge         Air            #.......     63%         3    ####...
 Sticky Flame             Conj/Fire      #.......     67%         4    ######.
 Airstrike                Air            #.........   95%         4    ######.
 Summon Ice Beast         Ice/Summ       #.......     95%         4    ######.
 Fireball                 Conj/Fire      #.........   95%         5    #######
 Lightning Bolt           Conj/Air       #.........   100%        5    #######
 Summon Lightning Spire   Summ/Air       #.......     100%        5    #######


Dungeon Overview and Level Annotations

Branches:
Dungeon (8/12)             Temple (1/1) D:4
   Lair: D:7-9          Orc: D:8-11

Altars:
Ashenzari
Cheibriados
Dithmenos
Elyvilon
Fedhas
Gozag
Hepliaklqana
Lugonu
Makhleb
Nemelex Xobeh
Okawaru
Ru
Sif Muna
Trog
Uskayaw
Vehumet
Wu Jian
Xom
Yredelemnul
Zin
The Shining One


Innate Abilities, Weirdness & Mutations

You are small and have problems with some larger weapons.
You cover ground slowly.
Armour does not affect your spellcasting.
You are partially covered in large bone plates. (SH +4)
Armour fits poorly on your strangely shaped body.
You are dopey. (Int -2)
Your movements are slightly less encumbered by armour. (ER -2)


Message History

Confirm with . or Enter, or press ? or * to list all spells.
Okay, then.
You sock the fire crab!
The fire crab is moderately wounded.
You are engulfed in blazing flames.
The fire crab bites you but does no damage.
The fire crab claws you.
You are engulfed in flames!
An adder comes into view.
Your plate armour prevents you from hitting the fire crab.
The fire crab is moderately wounded.
You are engulfed in blazing flames.
* * * LOW HITPOINT WARNING * * *
The adder hisses angrily.
The fire crab barely misses you. The fire crab claws you.
* * * LOW HITPOINT WARNING * * *
You are engulfed in flames!
* * * LOW HITPOINT WARNING * * *
As you read the scroll of teleportation, it crumbles to dust.
You feel strangely unstable.
You are engulfed in blazing flames.
You die...

.#. #.# #.#.#. .#
#S# #.# #.# . #.#
#.#.# #.# # #.#
#.# #.#.#.#.
##.#.#.#.# #.###.#
#@###.# #.#.#.#.#.
##t#.#.# #.###.###
##.###.#.#.#.#.#.
#.#.###.# #.###.#
#)###.#.#.#.#.#.#.
## ##.###.###.###
#.#.#.#.#.#.#.
#(###$###.###.# ##
### ### ###


You could see a fire crab and an adder.

Vanquished Creatures
  A hornet (D:8)
  Duvessa (D:5)
  An ice beast (D:8)
  4 sky beasts
  A black bear (D:8)
  A necrophage (D:7)
  4 ogres
  3 centaurs
  Blork the orc (D:5)
  Dowan (D:5)
  A wyvern skeleton (D:7)
  2 scorpions
  A killer bee (D:8)
  2 wights (D:7)
  5 howler monkeys
  2 crimson imps (D:5)
  A quasit (D:7)
  2 orc priests (D:7)
  2 jellies
  3 bullfrog zombies
  7 hounds
  5 orc wizards
  4 iguanas
  Jessica (D:3)
  5 worker ants
  A hound zombie (D:7)
  3 hound skeletons
  A worker ant zombie (D:5)
  6 adders
  2 shadow imps
  2 oozes
  2 adder zombies
  An adder skeleton (D:7)
  2 worms
  2 dart slugs
  19 orcs
  2 ball pythons
  6 bats
  2 giant cockroaches (D:2)
  3 goblins
  10 hobgoblins
  7 jackals
  8 kobolds
  4 quokkas
  2 frilled lizards
  4 rats
150 creatures vanquished.

Vanquished Creatures (others)
  An adder (D:8)
  2 spectral weapons
  A withered plant (D:7)
4 creatures vanquished.

Grand Total: 154 creatures vanquished

Notes
Turn   | Place    | Note
-------+----------+-------------------------------------------
     0 | D:1      | DogServant the Sand Dwarf Skald began the quest for the
                  | Orb.
     0 | D:1      | Reached XP level 1. HP: 18/18 MP: 3/3
   146 | D:1      | Reached XP level 2. HP: 25/25 MP: 0/5
   470 | D:1      | Learned a level 2 spell: Song of Slaying
   497 | D:1      | Reached XP level 3. HP: 31/31 MP: 6/6
  1068 | D:2      | Reached skill level 4 in Maces & Flails
  1068 | D:2      | Reached XP level 4. HP: 19/38 MP: 4/7
  1430 | D:2      | Reached XP level 5. HP: 30/46 MP: 1/8
  1597 | D:2      | Learned a level 3 spell: Spectral Weapon
  1618 | D:2      | Reached skill level 5 in Maces & Flails
  1933 | D:2      | Found a corrupted altar of Lugonu.
  1967 | D:2      | Found a glowing golden altar of the Shining One.
  2312 | D:3      | Noticed Jessica
  2324 | D:3      | Killed Jessica
  2324 | D:3      | Reached skill level 1 in Hexes
  2324 | D:3      | Reached XP level 6. HP: 50/53 MP: 6/9
  2728 | D:3      | Found a radiant altar of Vehumet.
  3248 | D:4      | Found a staircase to the Ecumenical Temple.
  3271 | D:4      | Reached skill level 6 in Maces & Flails
  3275 | Temple   | Entered the Ecumenical Temple
  3326 | Temple   | Became a worshipper of Warmaster Okawaru
  3343 | D:4      | Reached skill level 5 in Fighting
  3343 | D:4      | Reached XP level 7. HP: 56/61 MP: 5/10
  3501 | D:4      | Found a burning altar of Makhleb.
  3501 | D:4      | Found an ornate altar of the Wu Jian Council.
  3506 | D:4      | Found a snail-covered altar of Cheibriados.
  3513 | D:4      | Found a bloodstained altar of Trog.
  3515 | D:4      | Found a faded altar of an unknown god.
  3970 | D:5      | Entered Level 5 of the Dungeon
  4145 | D:5      | Reached skill level 5 in Charms
  4541 | D:5      | Noticed Blork the orc
  4553 | D:5      | Killed Blork the orc
  4618 | D:5      | Noticed Duvessa
  4618 | D:5      | Noticed Dowan
  4641 | D:5      | Killed Duvessa
  4641 | D:5      | Reached * piety under Okawaru
  4653 | D:5      | Killed Dowan
  4653 | D:5      | Reached XP level 8. HP: 42/70 MP: 0/11
  4812 | D:5      | Reached skill level 7 in Maces & Flails
  5068 | D:5      | Learned a level 2 spell: Flaming Arrows
  5242 | D:4      | Gained mutation: Armour fits poorly on your strangely
                  | shaped body. [potion of mutation]
  5242 | D:4      | Gained mutation: You are partially covered in large bone
                  | plates. (SH +4) [potion of mutation]
  5242 | D:4      | Gained mutation: You are dopey. (Int -2) [potion of
                  | mutation]
  5242 | D:4      | Gained mutation: Your movements are slightly less
                  | encumbered by armour. (ER -2) [potion of mutation]
  5668 | D:6      | Reached skill level 1 in Fire Magic
  6564 | D:7      | Reached ** piety under Okawaru
  6564 | D:7      | Reached skill level 8 in Maces & Flails
  6634 | D:7      | Reached XP level 9. HP: 68/75 MP: 9/12
  6798 | D:7      | Reached skill level 5 in Armour
  7322 | D:8      | Reached skill level 9 in Maces & Flails
  7498 | D:8      | Noticed a hornet
  7513 | D:8      | Killed a hornet
  7513 | D:8      | Reached *** piety under Okawaru
  7638 | D:8      | Reached skill level 5 in Fire Magic
  7661 | D:8      | Noticed a fire crab
  7664 | D:8      | Reached XP level 10. HP: 80/83 MP: 11/13
  7667 | D:8      | Engulfed by a fire crab (shapeshifter)'s flame

Skill      XL: |  1  2  3  4  5  6  7  8  9 |
---------------+----------------------------+-----
Fighting       | 3 4 5 6 |  6.1
Maces & Flails | 4 5 6 8 9 |  9.6
Charms         | 4 5 |  5.6
Hexes          | 1 2 3 |  3.8
Armour         | 3 4 6 |  6.4
Dodging        | 2 3 4 |  4.7
Fire Magic     | 2 5 |  5.0
Spellcasting   | |  2.0

Action                   |  1- 3 |  4- 6 |  7- 9 | 10-12 || total
-------------------------+-------+-------+-------+-------++-------
Melee: Mace              |    69 |    17 |       |       ||    86
       Whip              |       |   221 |   450 |       ||   671
       Morningstar       |       |       |   107 |     2 ||   109
Throw: Tomahawk          |       |       |     9 |       ||     9
 Cast: Infusion          |     7 |    13 |    30 |       ||    50
       Song of Slaying   |       |     7 |    14 |       ||    21
       Spectral Weapon   |       |       |     6 |       ||     6
  Use: Scroll            |       |     8 |     4 |     1 ||    13
       Potion            |       |       |     1 |       ||     1
 Stab: Distracted        |       |       |     1 |       ||     1
  Eat: Chunk             |     3 |    11 |    14 |       ||    28
       Ration            |       |     2 |     5 |       ||     7
Armor: Leather armour    |    16 |    30 |       |       ||    46
       Ring mail         |       |    45 |    55 |       ||   100
       Plate armour      |       |       |   145 |     1 ||   146
Dodge: Dodged            |    74 |   147 |   275 |     1 ||   497
Block: Other             |       |    23 |   101 |       ||   124
